 Dungeon Crawl Stone Soup version 0.31-a0-574-g69dc8cc98e (webtiles) character file.

Game seed: 639428201137370699

44 ytrimaz the Changeling (level 3, -1/24 HPs)
             Began as an Octopode Shapeshifter on Aug 18, 2023.
             Slain by a goblin
             ... wielding a +0 club
             ... led by Robin
              (5 damage)
             ... on level 2 of the Dungeon.
             The game lasted 00:01:05 (1040 turns).

ytrimaz the Changeling (Octopode Shapeshifter)      Turns: 1040, Time: 00:01:06

Health: -1/24      AC:  1    Str: 14    XL:     3   Next: 60%
Magic:  3/3        EV: 13    Int: 10    God:
Gold:   74         SH:  0    Dex: 14    Spells: 2/2 levels left

rFire   . .          .
                       - Unarmed
rCold   . . .        (no shield)
rNeg    . . .        (helmet currently unavailable)
rPois   .            f - amulet of magic regeneration
rElec   .            (no ring)
rCorr   .            (no ring)
SInv    .            (no ring)
Will    +....        (no ring)
Stlth   ++           (no ring)
HPRegen 0.24/turn    (no ring)
MPRegen 0.48/turn    (no ring)
                     (no ring)

%: no passive effects
@: beast-form, enlightened, flying
A: beast (slay +2), almost no armour, amphibious, 8 rings, camouflage 1,
gelatinous body 1, (nimble swimmer 1), tentacles
a: Begin Untransformation


You were on level 2 of the Dungeon.
You were a hulking beast.
You visited 1 branch of the dungeon, and saw 2 of its levels.

You collected 74 gold pieces.


Innate Abilities, Weirdness & Mutations

You are a hulking beast.
Your limbs bulge with bestial killing power. (Slay +2)
You cannot wear most types of armour.
You are amphibious.
You can wear up to eight rings at the same time.
Your skin changes colour to match your surroundings (Stealth+).
Your rubbery body absorbs attacks. (AC +1, EV +1)
((You are camouflaged when in or above water. (Stealth+)))
You have tentacles for arms and can constrict up to eight enemies at once.


   Skills:
 + Level 1.8 Fighting
 - Level 2.0 Dodging
 + Level 3.4 Unarmed Combat
 * Level 3.6 Shapeshifting


You had 2 spell levels left.
You didn't know any spells.
Your spell library was empty.

Inventory:

Jewellery
 f - an amulet of magic regeneration (around mantle)
   (You found it on level 1 of the Dungeon)
Talismans
 b - a beast talisman (active)
 c - a flux talisman
Scrolls
 d - 3 scrolls of identify {unknown}
 g - a scroll of fog {unknown}
 i - 2 scrolls of amnesia {unknown}
 k - a scroll of noise {unknown}
Potions
 a - a potion of lignification
 h - a potion of might {unknown}
 j - a potion of attraction {unknown}
 l - a potion of haste {unknown}

Dungeon Overview and Level Annotations

Branches:
Dungeon (2/15) Zot: 10962

Altars:

Annotations:
D:2 Robin

#.#.......#####
.#
#.##......g.g..
#.##........g.g
#.##.......g...
#.....#.######
#######r# #g#
#g# #h# #g# #)#
#.# #.. ####


You could see Robin, a quokka, a hobgoblin (strong) and a goblin (strong).


Message History

There are monsters nearby!
There are monsters nearby!
A goblin and 2 hobgoblins come into view.
The goblin shouts!
The hobgoblin shouts! 😎 HP[+1]
Your hp is fully restored (24).
Robin, a goblin and a hobgoblin come into view.
Robin shouts!
The hobgoblin shouts!
You hear a shout!
The goblin shoots a sling bullet.
The sling bullet barely misses you.
A goblin comes into view. It is wielding a +0 club.
A quokka comes into view.
Robin roars a battlecry!
The goblins go into a battle-frenzy!
The hobgoblin shouts!
Unknown command.
The quokka twitches its whiskers.
The goblin puts on a burst of speed as it pursues you!
You tentacle-slap the goblin. You grab the goblin. You constrict the goblin.
The goblin closely misses you.
You tentacle-slap the goblin.
You kill the goblin!
Unknown command.
You closely miss the goblin. Your grab misses the goblin.
You tentacle-slap the goblin. Your squeeze misses the goblin.
The goblin closely misses you.
You barely miss the goblin. You grab the goblin. You constrict the goblin.
You kill the goblin!
The goblin closely misses you.
Unknown command.
You bludgeon the goblin!
You kill the goblin!
The hobgoblin completely misses you.
Items here: ))) ††.
You tentacle-slap the hobgoblin.
You kill the hobgoblin!
You tentacle-slap the goblin.
You kill the goblin!
The hobgoblin no longer looks unusually strong.
Robin throws the goblin at you! 😕 HP[-2]
You take 2 damage, and now have 22/24 hp.
You closely miss the goblin. You grab the goblin.
Your squeeze misses the goblin. You constrict the goblin.
The goblin misses you.
The goblin unwields a +0 sling.
The goblin wields a +0 club.
The goblin misses you. 😕 HP[+1]
You tentacle-slap the goblin.
You kill the goblin!
The goblin no longer looks unusually strong.
The goblin hits you with a +0 club. 😮 HP[-6]
You take 6 damage, and now have 17/24 hp.
MASSIVE DAMAGE!! (PAUSE) Unknown command.
You bludgeon the goblin!
You kill the goblin!
The hobgoblin no longer looks unusually strong.
The hobgoblin barely misses you.
Things that are here:
a +0 club; a goblin corpse You tentacle-slap the hobgoblin.
Your grab misses the hobgoblin.
Robin roars a battlecry!
The goblins go into a battle-frenzy!
The hobgoblin hits you. 😮 HP[-3]
You take 3 damage, and now have 14/24 hp.
You tentacle-slap the hobgoblin. You grab the hobgoblin.
Your tentacle-slap misses the hobgoblin.
You constrict the hobgoblin, but do no damage.
The hobgoblin misses you.
You tentacle-slap the hobgoblin.
You kill the hobgoblin!
Robin throws the goblin at you! The goblin barely misses you. 😮 HP[-1]
You take 1 damage, and now have 13/24 hp.
Robin misses you.
Items here: ))) ††.
Robin hits you with a +0 spear.
* * * LOW HITPOINT WARNING * * *
Items here: ))) †. 😨 HP[-5]
You take 5 damage, and now have 8/24 hp.
MASSIVE DAMAGE!! (PAUSE)
You tentacle-slap Robin. You grab Robin. You constrict Robin, but do no damage.
The goblin barely misses you. Robin hits you with a +0 spear.
* * * LOW HITPOINT WARNING * * *
😱 HP[-3]
You take 3 damage, and now have 5/24 hp.
Unknown command.
You tentacle-slap Robin. x2; You constrict Robin.
The goblin closely misses you. Robin hits you with a +0 spear.
* * * LOW HITPOINT WARNING * * *
😱 HP[-1]
You take 1 damage, and now have 4/24 hp.
Unknown command.
It was a potion of enlightenment.
You feel very buoyant.
You fly up into the air.
You constrict Robin. The goblin hits you with a +0 club.
You die...

Action                     || total
---------------------------++-------
  Melee: Unarmed           ||    53
         Constrict         ||    13
         Tentacles         ||     9
         Punch             ||     2
    Use: Potion            ||     1
   Stab: Sleeping          ||     6
 Armour: Skin              ||     2
  Dodge: Dodged            ||    34

Levels and vault maps discovered:
D:1:      scummos_arrival_forest, layout_loops_cross, minmay_misc_feat_rugged,
          minmay_misc_feat_secret_circle
D:2:      layout_basic, uniq_robin

Notes
Turn   | Place    | Note
-------+----------+-------------------------------------------
     0 | D:1      | ytrimaz the Octopode Shapeshifter began the quest for the
                  | Orb.
     0 | D:1      | Reached XP level 1. HP: 13/13 MP: 1/1
     0 | D:1      | magus.rc [v1.9.6]
   187 | D:1      | Reached XP level 2. HP: 18/18 MP: 2/2
   872 | D:2      | Reached XP level 3. HP: 15/23 MP: 3/3
  1013 | D:2      | Noticed Robin
  1038 | D:2      | HP: 5/24 [Robin/+0 spear (3)]
  1040 | D:2      | Slain by a goblin

Vanquished Creatures
  A worm (D:2)
  5 endoplasms
  A giant cockroach (D:1)
  7 hobgoblins
  2 kobolds (D:1)
  2 quokkas (D:2)
  4 ball pythons
  A bat (D:1)
  A frilled lizard (D:1)
  8 goblins
  A rat (D:1)
33 creatures vanquished.

Table legend:
 A = Non-vault XP
 B = Vault XP
 C = Vault XP percentage of total XP
 D = Non-vault monster count
 E = Vault monster count
 F = Vault count percentage of total count
                 A         B        C        D         E       F
            +---------+---------+-------+---------+---------+-------
      Total |      47 |      16 |  25.4 |      25 |       8 |  24.2
            +---------+---------+-------+---------+---------+-------
        D:1 |      27 |       0 |   0.0 |      16 |       0 |   0.0
        D:2 |      20 |      16 |  44.4 |       9 |       8 |  47.1
            +---------+---------+-------+---------+---------+-------

Action                     || total
---------------------------++-------
  Melee: Unarmed           ||    53
         Constrict         ||    13
         Tentacles         ||     9
         Punch             ||     2
    Use: Potion            ||     1
   Stab: Sleeping          ||     6
 Armour: Skin              ||     2
  Dodge: Dodged            ||    34

Illustrated notes

Table legend:
 A = Kills in this place as a percentage of kills in the entire game.
 B = Kills by you in this place as a percentage of kills by you in the entire game.
 C = Kills by friends in this place as a percentage of kills by friends in the entire game.
 D = Other kills in this place as a percentage of other kills in the entire game.
 E = Experience gained in this place as a percentage of experience gained in the entire game.
 F = Experience gained in this place divided by the number of levels of this place that you have seen.
                   A       B       C       D       E      F
               +-------+-------+-------+-------+-------+----------------------
         Total | 100.0 | 100.0 |   N/A |   N/A | 100.0 |  31.5
       Dungeon | 100.0 | 100.0 |   N/A |   N/A | 100.0 |  31.5
               +-------+-------+-------+-------+-------+----------------------

Table legend: (Time is in decaauts)
 A = Elapsed time spent in this place.
 B = Non-inter-level travel time spent in this place.
 C = Inter-level travel time spent in this place.
 D = Time resting spent in this place.
 E = Time spent auto-exploring this place.
 F = Levels seen in this place.
 G = Mean time per level.
                   A        B        C        D        E       F      G
               +--------+--------+--------+--------+--------+-----+--------+
         Total |   1036 |   1018 |     18 |      0 |    809 |   2 |  518.0 |
       Dungeon |   1036 |   1018 |     18 |      0 |    809 |   2 |  518.0 |
               +--------+--------+--------+--------+--------+-----+--------+

Top non-repeatable levels by time:
     D:1: 698 daAuts
     D:2: 337 daAuts
